TOP OF THE 1ST |
Baltimore Orioles batting - Pitching for Montreal Expos : LHP James Fisher
|
Pitching: LHP James Fisher
|
|
Batting: RHB Rudo Garciaparra
|
0-0: Ball 1-0: Ground out 1-3 (Groundball, 13S, EV 71.9 MPH)
|
Batting: LHB Brad Pepin
|
0-0: Ground out U3 (Groundball, 34S, EV 89.4 MPH)
|
Batting: RHB Ruben Garza
|
0-0: Ball 1-0: Foul Ball, location: 2F 1-1: Swinging Strike 1-2: SINGLE (Line Drive, 4D, EV 94.4 MPH)
|
Batting: SHB Jason Hayes
|
0-0: Called Strike 0-1: Foul Ball, location: 2F 0-2: Ball 1-2: Foul Ball, location: 2F 1-2: Ground out 2-3 (Groundball, 15S, EV 70.6 MPH)
|
Top of the 1st over - 0 runs, 1 hit, 0 errors, 1 left on base; Baltimore 0 - Montreal 0 |
BOTTOM OF THE 1ST |
Montreal Expos batting - Pitching for Baltimore Orioles : RHP Sean Parks
|
Pitching: RHP Sean Parks
|
|
Batting: SHB Bran Stark
|
0-0: Ball 1-0: Ball 2-0: Called Strike 2-1: Fly out, F3 (Flyball, 3D, EV 86.2 MPH)
|
Batting: RHB Hugo Bautista
|
0-0: Ball 1-0: Ball 2-0: SINGLE (Groundball, 4S, EV 60.0 MPH) (infield hit)
|
Batting: RHB Mike Salmon
|
0-0: Ball 1-0: Ball 2-0: Called Strike 2-1: Ball Wild Pitch! Hugo Bautista to second 3-1: Foul Ball, location: 2F 3-2: Foul Ball, location: 2F 3-2: Foul Ball, location: 2F 3-2: Ground out 1-3 (Groundball, 13S, EV 74.4 MPH) Hugo Bautista to third
|
Batting: LHB Austin Ohmer
|
0-0: Ball 1-0: Ball 2-0: Swinging Strike 2-1: Ball 3-1: Called Strike 3-2: Ground out 5-3 (Groundball, 56, EV 80.0 MPH)
|
Bottom of the 1st over - 0 runs, 1 hit, 0 errors, 1 left on base; Baltimore 0 - Montreal 0 |
TOP OF THE 2ND |
Baltimore Orioles batting - Pitching for Montreal Expos : LHP James Fisher
|
Batting: RHB Andres Leon
|
0-0: Swinging Strike 0-1: Foul Ball, location: 2F 0-2: Ball 1-2: Strikes out swinging
|
Batting: LHB Gabe Pace
|
0-0: Ball 1-0: Ground out 3-1 (Groundball, 3L, EV 96.2 MPH)
|
Batting: RHB Mike Hayward
|
0-0: Ball 1-0: SINGLE (Flyball, 9LS, EV 90.6 MPH)
|
Batting: RHB Orlando Melchor
|
0-0: Ball 1-0: Called Strike 1-1: Ball 2-1: Swinging Strike 2-2: Ball Mike Hayward steals 2nd base 3-2: Foul Ball, location: 2F 3-2: Foul Ball, location: 2F 3-2: Base on Balls
|
Batting: RHB Ioan Biros
|
0-0: Foul Ball, location: 2F 0-1: Swinging Strike 0-2: Ball 1-2: Strikes out looking
|
Top of the 2nd over - 0 runs, 1 hit, 0 errors, 2 left on base; Baltimore 0 - Montreal 0 |
BOTTOM OF THE 2ND |
Montreal Expos batting - Pitching for Baltimore Orioles : RHP Sean Parks
|
Batting: RHB Robby Juarez
|
0-0: Ball 1-0: Foul Ball, location: 2F 1-1: Ground out 6-3 (Groundball, 4MS, EV 83.8 MPH)
|
Batting: LHB Jimmy Buscemi
|
0-0: Ball 1-0: Called Strike 1-1: Ball 2-1: Swinging Strike 2-2: Strikes out swinging
|
Batting: LHB Steve Anderson
|
0-0: Called Strike 0-1: Ball 1-1: Ground out 5-3 (Groundball, 5, EV 103.1 MPH)
|
Bottom of the 2nd over - 0 runs, 0 hits, 0 errors, 0 left on base; Baltimore 0 - Montreal 0 |
TOP OF THE 3RD |
Baltimore Orioles batting - Pitching for Montreal Expos : LHP James Fisher
|
Batting: RHB Rudo Garciaparra
|
0-0: Ball 1-0: Ball 2-0: Called Strike 2-1: Called Strike 2-2: Ground out 6-3 (Groundball, 6S, EV 82.5 MPH)
|
Batting: LHB Brad Pepin
|
0-0: Called Strike 0-1: Fly out, F8 (Line Drive, 8LM, EV 95.6 MPH)
|
Batting: RHB Ruben Garza
|
0-0: Called Strike 0-1: Fly out, F9 (Line Drive, 9, EV 103.8 MPH)
|
Top of the 3rd over - 0 runs, 0 hits, 0 errors, 0 left on base; Baltimore 0 - Montreal 0 |
BOTTOM OF THE 3RD |
Montreal Expos batting - Pitching for Baltimore Orioles : RHP Sean Parks
|
Batting: RHB Eugênio Asceno
|
0-0: Called Strike 0-1: Called Strike 0-2: Strikes out looking
|
Batting: SHB Pete Barutha
|
0-0: Called Strike 0-1: Called Strike 0-2: Foul Ball, location: 2F 0-2: Ball 1-2: Ball 2-2: Foul Ball, location: 2F 2-2: Ball 3-2: Base on Balls
|
Batting: SHB Bran Stark
|
0-0: Called Strike 0-1: Ball 1-1: Ball 2-1: Foul Ball, location: 2F 2-2: Foul Ball, location: 2F 2-2: Foul Ball, location: 2F 2-2: Fly out, F9 (Flyball, 89M, EV 92.5 MPH)
|
Batting: RHB Hugo Bautista
|
0-0: Foul Ball, location: 2F 0-1: Ground out U3 (Groundball, 3, EV 101.2 MPH)
|
Bottom of the 3rd over - 0 runs, 0 hits, 0 errors, 1 left on base; Baltimore 0 - Montreal 0 |
TOP OF THE 4TH |
Baltimore Orioles batting - Pitching for Montreal Expos : LHP James Fisher
|
Batting: SHB Jason Hayes
|
0-0: Ground out 3-1 (Groundball, 34, EV 97.5 MPH)
|
Batting: RHB Andres Leon
|
0-0: Ball 1-0: Ball 2-0: Ball 3-0: Base on Balls
|
Batting: LHB Gabe Pace
|
0-0: Ball 1-0: Called Strike 1-1: DOUBLE (Line Drive, 89D, EV 107.5 MPH) Andres Leon to third Runner from 3rd tries for Home, throw by CF and OUT! 8-4-2 Gabe Pace to third
|
Batting: RHB Mike Hayward
|
0-0: Hit by Pitch
|
Batting: RHB Orlando Melchor
|
0-0: Ball 1-0: Foul Ball, location: 2F 1-1: Called Strike 1-2: Ball 2-2: Foul Ball, location: 2F 2-2: Ball 3-2: Foul Ball, location: 2F 3-2: Foul Ball, location: 2F 3-2: Foul Ball, location: 2F 3-2: Ground out 5-3 (Groundball, 5S, EV 90.6 MPH)
|
Top of the 4th over - 0 runs, 1 hit, 0 errors, 2 left on base; Baltimore 0 - Montreal 0 |
BOTTOM OF THE 4TH |
Montreal Expos batting - Pitching for Baltimore Orioles : RHP Sean Parks
|
Batting: RHB Mike Salmon
|
0-0: Fly out, F8 (Flyball, 8RM, EV 74.4 MPH)
|
Batting: LHB Austin Ohmer
|
0-0: SINGLE (Flyball, 8RS, EV 89.4 MPH)
|
Batting: RHB Robby Juarez
|
0-0: Ball 1-0: Called Strike Austin Ohmer steals 2nd base 1-1: Foul Ball, location: 2F 1-2: Foul Ball, location: 2F 1-2: Ball 2-2: Ball 3-2: Base on Balls
|
Batting: LHB Jimmy Buscemi
|
0-0: Called Strike 0-1: Foul Ball, location: 2F 0-2: Foul Ball, location: 2F 0-2: Strikes out swinging
|
Batting: LHB Steve Anderson
|
0-0: Called Strike 0-1: Ball 1-1: SINGLE (Line Drive, 6D, EV 97.5 MPH) Austin Ohmer to third Robby Juarez to second Runner from 3rd tries for Home, SAFE, throw by LF to home
|
Batting: RHB Eugênio Asceno
|
0-0: Called Strike 0-1: Swinging Strike 0-2: Foul Ball, location: 2F 0-2: Ball 1-2: Strikes out looking
|
Bottom of the 4th over - 1 run, 2 hits, 0 errors, 2 left on base; Baltimore 0 - Montreal 1 |
TOP OF THE 5TH |
Baltimore Orioles batting - Pitching for Montreal Expos : LHP James Fisher
|
Batting: RHB Ioan Biros
|
0-0: Ball 1-0: Fly out, F7 (Flyball, 7, EV 95.0 MPH)
|
Batting: RHB Rudo Garciaparra
|
0-0: Called Strike 0-1: Called Strike 0-2: Fly out, F9 (Line Drive, 9, EV 100.0 MPH)
|
Batting: LHB Brad Pepin
|
0-0: Ball 1-0: Swinging Strike 1-1: Ball 2-1: Foul Ball, location: 2F 2-2: Strikes out looking
|
Top of the 5th over - 0 runs, 0 hits, 0 errors, 0 left on base; Baltimore 0 - Montreal 1 |
BOTTOM OF THE 5TH |
Montreal Expos batting - Pitching for Baltimore Orioles : RHP Sean Parks
|
Batting: SHB Pete Barutha
|
0-0: Bunt missed! 0-1: Called Strike 0-2: Ball 1-2: Ball 2-2: Ball 3-2: Base on Balls
|
Batting: SHB Bran Stark
|
0-0: Called Strike 0-1: Ball 1-1: Ball 2-1: Grounds out, U3 (Groundball, 3L, EV 103.1 MPH)
|
Batting: RHB Hugo Bautista
|
0-0: Ball 1-0: Foul Ball, location: 2F 1-1: Ball 2-1: Ball 3-1: Base on Balls
|
Batting: RHB Mike Salmon
|
0-0: Foul Ball, location: 2F 0-1: Ball 1-1: Foul Ball, location: 2F 1-2: Ball 2-2: Grounds into double play, 6-4-3 (Groundball, 6M, EV 83.8 MPH)
|
Bottom of the 5th over - 0 runs, 0 hits, 0 errors, 1 left on base; Baltimore 0 - Montreal 1 |
TOP OF THE 6TH |
Baltimore Orioles batting - Pitching for Montreal Expos : LHP James Fisher
|
Batting: RHB Ruben Garza
|
0-0: Foul Ball, location: 2F 0-1: Ball 1-1: Fly out, F4 (Flyball, 34D, EV 88.1 MPH)
|
Batting: SHB Jason Hayes
|
0-0: Called Strike 0-1: Ball 1-1: Ball 2-1: Foul Ball, location: 2F 2-2: Ball 3-2: DOUBLE (Line Drive, 9LD, EV 98.1 MPH)
|
Batting: RHB Andres Leon
|
0-0: Ground out U3 (Groundball, 34S, EV 82.5 MPH) Jason Hayes to third
|
Batting: LHB Gabe Pace
|
0-0: Called Strike 0-1: Called Strike 0-2: Fly out, F8 (Flyball, 89D, EV 106.2 MPH)
|
Top of the 6th over - 0 runs, 1 hit, 0 errors, 1 left on base; Baltimore 0 - Montreal 1 |
BOTTOM OF THE 6TH |
Montreal Expos batting - Pitching for Baltimore Orioles : RHP Sean Parks
|
Batting: LHB Austin Ohmer
|
0-0: Ball 1-0: Foul Ball, location: 2F 1-1: Ball 2-1: Fly out, F7 (Flyball, 78S, EV 93.1 MPH)
|
Batting: RHB Robby Juarez
|
0-0: Ball 1-0: Ball 2-0: Swinging Strike 2-1: Foul Ball, location: 2F 2-2: Ball 3-2: Strikes out swinging
|
Batting: LHB Jimmy Buscemi
|
0-0: Ball 1-0: Ball 2-0: Ball 3-0: Base on Balls
|
Batting: LHB Steve Anderson
|
0-0: Ball 1-0: Ball 2-0: Called Strike 2-1: Ball 3-1: DOUBLE (Line Drive, 78M, EV 93.1 MPH) Jimmy Buscemi to third Runner from 3rd tries for Home, throw by LF and OUT! 7-6-2
|
Bottom of the 6th over - 0 runs, 1 hit, 0 errors, 1 left on base; Baltimore 0 - Montreal 1 |
TOP OF THE 7TH |
Baltimore Orioles batting - Pitching for Montreal Expos : LHP James Fisher
|
Batting: RHB Mike Hayward
|
0-0: Called Strike 0-1: Swinging Strike 0-2: Strikes out looking
|
Batting: RHB Orlando Melchor
|
0-0: Ball 1-0: Ball 2-0: Called Strike 2-1: Ball 3-1: Swinging Strike 3-2: Ground out 2-3 (Groundball, 15S, EV 67.5 MPH)
|
Batting: RHB Ioan Biros
|
0-0: Ball 1-0: Called Strike 1-1: Ground out 5-3 (Groundball, 56, EV 80.6 MPH)
|
Top of the 7th over - 0 runs, 0 hits, 0 errors, 0 left on base; Baltimore 0 - Montreal 1 |
BOTTOM OF THE 7TH |
Montreal Expos batting - Pitching for Baltimore Orioles : RHP Sean Parks
|
Batting: RHB Eugênio Asceno
|
0-0: Called Strike 0-1: Ball 1-1: Called Strike 1-2: Ground out 5-3 (Groundball, 56, EV 81.9 MPH)
|
Batting: SHB Pete Barutha
|
0-0: Ball 1-0: Ball 2-0: Ball 3-0: Called Strike 3-1: Base on Balls
|
Pitching: RHP Jay Rapini
|
|
Batting: SHB Bran Stark
|
0-0: Ground out 4-3 (Groundball, 4, EV 83.1 MPH) Pete Barutha to second
|
Batting: RHB Hugo Bautista
|
0-0: Ball 1-0: SINGLE (Line Drive, 7LM, EV 86.9 MPH) Pete Barutha to third Runner from 3rd tries for Home, SAFE, throw by LF to home
|
Batting: RHB Mike Salmon
|
0-0: Ball 1-0: 2-RUN HOME RUN (Flyball, 89XD, EV 107.5 MPH), Distance : 399 ft
|
Batting: LHB Austin Ohmer
|
0-0: Ball 1-0: Swinging Strike 1-1: Ball 2-1: Foul Ball, location: 2F 2-2: Ball 3-2: Strikes out swinging
|
Bottom of the 7th over - 3 runs, 2 hits, 0 errors, 0 left on base; Baltimore 0 - Montreal 4 |
TOP OF THE 8TH |
Baltimore Orioles batting - Pitching for Montreal Expos : LHP James Fisher
|
Batting: RHB Rudo Garciaparra
|
0-0: Swinging Strike 0-1: Foul Ball, location: 2F 0-2: Foul Ball, location: 2F 0-2: Fly out, F5 (Line Drive, 5, EV 75.0 MPH)
|
Batting: LHB Brad Pepin
|
0-0: Called Strike 0-1: Ball 1-1: Swinging Strike 1-2: Ball 2-2: Foul Ball, location: 2F 2-2: Foul Ball, location: 2F 2-2: Ball 3-2: Foul Ball, location: 2F 3-2: Fly out, F8 (Flyball, 8LD, EV 102.5 MPH)
|
Batting: RHB Ruben Garza
|
0-0: Foul Ball, location: 2F 0-1: Foul Ball, location: 2F 0-2: Ball 1-2: Ground out 6-3 (Groundball, 56, EV 103.8 MPH)
|
Top of the 8th over - 0 runs, 0 hits, 0 errors, 0 left on base; Baltimore 0 - Montreal 4 |
BOTTOM OF THE 8TH |
Montreal Expos batting - Pitching for Baltimore Orioles : RHP Jay Rapini
|
Batting: RHB Robby Juarez
|
0-0: Swinging Strike 0-1: Ball 1-1: Ball 2-1: Foul Ball, location: 2F 2-2: Strikes out swinging
|
Batting: LHB Jimmy Buscemi
|
0-0: Ball 1-0: Ball 2-0: DOUBLE (Flyball, 8RXD, EV 96.2 MPH)
|
Batting: LHB Steve Anderson
|
0-0: Intentional Walk
|
Batting: RHB Eugênio Asceno
|
0-0: Ball 1-0: Foul Ball, location: 2F 1-1: Called Strike 1-2: Ball 2-2: Foul Ball, location: 2F 2-2: Foul Ball, location: 2F 2-2: Fly out, F8 (Line Drive, 8RD, EV 92.5 MPH)
|
Batting: SHB Pete Barutha
|
0-0: Called Strike 0-1: Ball 1-1: Swinging Strike 1-2: Ball 2-2: Ground out 4-3 (Groundball, 4, EV 86.2 MPH)
|
Bottom of the 8th over - 0 runs, 1 hit, 0 errors, 2 left on base; Baltimore 0 - Montreal 4 |
TOP OF THE 9TH |
Baltimore Orioles batting - Pitching for Montreal Expos : LHP James Fisher
|
Batting: SHB Jason Hayes
|
0-0: Ball 1-0: Called Strike 1-1: Swinging Strike 1-2: Ball 2-2: Foul Ball, location: 2F 2-2: Fly out, F9 (Flyball, 9LM, EV 73.8 MPH)
|
Pitching: RHP Elliott Payne
|
|
Batting: RHB Andres Leon
|
0-0: Fly out, F7 (Flyball, 7D, EV 76.2 MPH)
|
Batting: LHB Gabe Pace
|
0-0: Foul Ball, location: 2F 0-1: Foul Ball, location: 2F 0-2: Foul Ball, location: 2F 0-2: Ball 1-2: Ball 2-2: DOUBLE (Flyball, 8LXD, EV 105.6 MPH)
|
Batting: RHB Mike Hayward
|
0-0: Called Strike 0-1: SINGLE (Groundball, 3S, EV 73.8 MPH) (infield hit) Gabe Pace to third
|
Pitching: LHP Anass Rhammar
|
|
Batting: RHB Orlando Melchor
|
0-0: Foul Ball, location: 2F 0-1: Ball 1-1: SINGLE (Groundball, 56D, EV 98.1 MPH) Gabe Pace scores Mike Hayward to second
|
Pinch Hitting: SHB Robert Handy
|
0-0: DOUBLE (Line Drive, 7LD, EV 104.4 MPH) Mike Hayward scores Orlando Melchor to third
|
Batting: RHB Rudo Garciaparra
|
0-0: Ball 1-0: Foul Ball, location: 2F 1-1: Ground out U3 (Groundball, 3S, EV 76.9 MPH)
|
Top of the 9th over - 2 runs, 4 hits, 0 errors, 2 left on base; Baltimore 2 - Montreal 4 |
|